 Dungeon Crawl Stone Soup version 0.24-a0-471-g3302cd4 (webtiles) character file.

Game seed: 7047245541943016056

2606 ssg the Slasher (level 9, -6/69 HPs)
             Began as a Demonspawn Gladiator on July 4, 2019.
             Was an Initiate of Cheibriados.
             Killed from afar by an electric eel (7 damage)
             ... with a bolt of electricity
             ... on level 8 of the Dungeon.
             The game lasted 00:08:02 (6367 turns).

ssg the Slasher (Demonspawn Gladiator)              Turns: 6367, Time: 00:08:03

Health: -6/69      AC: 15    Str: 19    XL:     9   Next: 33%
Magic:  0/9        EV:  9    Int: 10    God:    Cheibriados [......]
Gold:   277        SH:  5    Dex: 16    Spells: 8/8 levels left

rFire    . . .     SeeInvis .   a - +0 long sword
rCold    . . .     Gourm    .   B - +0 buckler
rNeg     + . .     Faith    .   t - +0 chain mail
rPois    .         Spirit   +   c - +0 helmet
rElec    .         Reflect  .   p - +1 cloak
rCorr    .         Harm     .   (no gloves)
MR       .....                  (no boots)
Stlth    ..........             (no amulet)
HPRegen  0.21/turn              i - ring of positive energy
MPRegen  0.11/turn              (no ring)

@: very slow
A: talons 2, iridescent scales 1, spiny 1, magic shield
a: Bend Time, Renounce Religion


You were on level 8 of the Dungeon.
You worshipped Cheibriados.
Cheibriados was noncommittal.
You were not hungry.

You visited 2 branches of the dungeon, and saw 9 of its levels.

You collected 277 gold pieces.

Inventory:

Hand Weapons
 a - a +0 long sword (weapon)
Missiles
 d - 3 throwing nets (quivered)
 z - 2 silver boomerangs
Armour
 b - a +0 leather armour
 c - a +0 helmet (worn)
 j - a +0 leather armour of fire resistance
 p - a +1 cloak (worn)
 t - a +0 chain mail (worn)
 B - a +0 buckler (worn)
Jewellery
 i - a ring of positive energy (left hand)
Wands
 E - a wand of acid (8)
Scrolls
 g - 2 scrolls of immolation {unknown}
 h - 6 scrolls of remove curse {unknown}
 k - 7 scrolls of identify {unknown}
 l - 2 scrolls of fear {unknown}
 o - 2 scrolls of blinking {unknown}
 q - 2 scrolls of amnesia {unknown}
 r - a scroll of random uselessness {unknown}
 s - 2 scrolls of noise {unknown}
 w - 7 scrolls of teleportation {unknown}
 y - 3 scrolls of fog {unknown}
 C - a scroll of summoning {unknown}
 D - a scroll of enchant armour {unknown}
 H - a scroll of enchant weapon {unknown}
 I - a scroll of vulnerability {unknown}
Potions
 e - 2 potions of berserk rage {unknown}
 m - 3 potions of might {unknown}
 n - 3 potions of flight {unknown}
 u - a potion of magic {unknown}
 v - 2 potions of mutation {unknown}
 x - 2 potions of curing {unknown}
 A - a potion of lignification {unknown}
 F - a potion of degeneration {unknown}
 G - 2 potions of invisibility {unknown}
Comestibles
 f - 10 rations


   Skills:
 + Level 5.7 Fighting
 * Level 7.7 Long Blades
 - Level 1.8 Throwing
 * Level 6.5 Armour
 - Level 2.9 Dodging
 * Level 3.5 Shields


You had 8 spell levels left.
You didn't know any spells.
Your spell library contained the following spells:

 Spells                   Type           Power        Failure   Level  Hunger
 Beastly Appendage        Tmut           #.....       98%         1    ##.....
 Sticks to Snakes         Tmut           #.......     99%         2    ###....
 Spider Form              Tmut/Pois      #.........   100%        3    ####...
 Ice Form                 Ice/Tmut       #.......     100%        4    #####..
 Blade Hands              Tmut           #.........   100%        5    ######.


Dungeon Overview and Level Annotations

Branches:
Dungeon (8/15)             Temple (1/1) D:7
   Lair: D:8-11

Altars:
Ashenzari
Cheibriados
Elyvilon
Fedhas
Gozag
Hepliaklqana
Kikubaaqudgha
Makhleb
Nemelex Xobeh
Okawaru
Qazlal
Ru
Sif Muna
Trog
Uskayaw
Vehumet
Wu Jian
Xom
Yredelemnul
Zin

Shops:
D:7 %


Innate Abilities, Weirdness & Mutations

You have razor-sharp toenails.
You are partially covered in iridescent scales. (AC +2)
You are partially covered in sharp spines.
When hurt, damage is shared between your health and your magic reserves.


Message History

You barely miss the iguana. You claw the iguana.
The iguana is heavily wounded.
The iguana bites you but does no damage.
You slash the iguana! You claw the iguana, but do no damage.
The iguana is almost dead.
The iguana is struck by your spines.
You kill the iguana!
Cheibriados appreciates the change of pace.
The electric eel shoots out a bolt of lightning at you!
The bolt of electricity hits you!
* * * LOW HITPOINT WARNING * * *
The electric eel shoots out a bolt of lightning at you!
The bolt of electricity hits you.
* * * LOW HITPOINT WARNING * * *
The electric eel shoots out a bolt of lightning at you!
The bolt of electricity hits you.
* * * LOW HITPOINT WARNING * * *
The electric eel shoots out a bolt of lightning at you!
The bolt of electricity hits you!
You die...

.....##........
..>.............
................
...............♣
..............♣
...$.........♣
...........#♣ ≈
.......@..P≈♣P≈≈
..........PP≈P.≈
≈.♣≈............
≈.≈≈♣..†)†......
≈.≈P≈;......;≈≈.
≈.≈≈≈♣P.....♣≈P≈
≈.≈≈≈P♣♣...<.≈≈≈
≈.≈≈≈≈ ♣♣...##♣≈
≈.≈≈≈≈ ..##


You could see 2 electric eels.

Vanquished Creatures
  A hippogriff (D:7)
  Sigmund (D:2)
  2 sky beasts
  Duvessa (D:5)
  2 ice beasts
  An orc warrior (D:7)
  3 ogres
  A phantom (D:4)
  3 centaurs
  3 bullfrogs
  Dowan (D:5)
  A howler monkey (D:4)
  2 crimson imps
  A bullfrog zombie (D:7)
  A bullfrog skeleton (D:5)
  A hound (D:7)
  4 orc priests
  4 orc wizards
  An iguana (D:8)
  5 worker ants
  11 gnolls
  9 adders
  2 shadow imps (D:6)
  An adder zombie (D:5)
  3 adder skeletons
  3 worms
  4 leopard geckos
  21 orcs
  8 giant cockroaches
  6 goblins (D:1)
  10 hobgoblins
  7 jackals
  7 kobolds
  7 quokkas
  6 ball pythons
  11 bats
  6 frilled lizards
  A quokka skeleton (D:4)
  3 rats
165 creatures vanquished.

Notes
Turn   | Place    | Note
-------+----------+-------------------------------------------
     0 | D:1      | ssg the Demonspawn Gladiator began the quest for the Orb.
     0 | D:1      | Reached XP level 1. HP: 16/16 MP: 1/1
   224 | D:1      | Reached skill level 3 in Long Blades
   226 | D:1      | Gained mutation: You have sharp toenails. [demonic
                  | ancestry]
   226 | D:1      | Reached XP level 2. HP: 19/22 MP: 2/2
  1050 | D:2      | Gained mutation: You have razor-sharp toenails. [demonic
                  | ancestry]
  1050 | D:2      | Reached XP level 3. HP: 27/27 MP: 3/3
  1055 | D:2      | Noticed Sigmund
  1074 | D:2      | Killed Sigmund
  1074 | D:2      | Reached skill level 4 in Long Blades
  1074 | D:2      | Reached skill level 1 in Armour
  1074 | D:2      | Gained mutation: When hurt, damage is shared between your
                  | health and your magic reserves. [demonic ancestry]
  1074 | D:2      | Reached XP level 4. HP: 14/35 MP: 4/4
  1074 | D:2      | Reached XP level 5. HP: 17/41 MP: 5/5
  1675 | D:3      | Found a blossoming altar of Fedhas.
  1786 | D:2      | Reached XP level 6. HP: 41/47 MP: 6/6
  2199 | D:3      | Reached skill level 5 in Long Blades
  2839 | D:4      | Gained mutation: You are partially covered in sharp spines.
                  | [demonic ancestry]
  2839 | D:4      | Reached XP level 7. HP: 40/53 MP: 4/7
  3480 | D:5      | Entered Level 5 of the Dungeon
  3535 | D:5      | Found an opulent altar of Gozag.
  3565 | D:5      | Reached skill level 6 in Long Blades
  3620 | D:5      | Gained mutation: You are partially covered in iridescent
                  | scales. (AC +2) [demonic ancestry]
  3620 | D:5      | Reached XP level 8. HP: 18/61 MP: 4/8
  3863 | D:5      | Noticed Dowan
  3863 | D:5      | Noticed Duvessa
  3892 | D:5      | Killed Dowan
  3917 | D:5      | Reached skill level 5 in Armour
  3928 | D:5      | Killed Duvessa
  4107 | D:5      | Found a white marble altar of Elyvilon.
  4579 | D:6      | Reached skill level 5 in Fighting
  4580 | D:6      | Reached skill level 1 in Shields
  4788 | D:7      | Reached skill level 7 in Long Blades
  5417 | D:7      | Noticed a hippogriff
  5428 | D:7      | Killed a hippogriff
  5428 | D:7      | Reached XP level 9. HP: 58/68 MP: 6/9
  5715 | D:7      | Found a staircase to the Ecumenical Temple.
  5767 | Temple   | Entered the Ecumenical Temple
  5837 | Temple   | Became a worshipper of Cheibriados the Contemplative
  5957 | D:7      | Found Geaduny's Food Shoppe.
  6367 | D:8      | HP: 1/69 [electric eel/bolt of electricity (5)]
  6367 | D:8      | Killed from afar by an electric eel

Levels and vault maps discovered:
D:1:      eino_arrival_cavern_b, layout_basic
D:2:      layout_basic, uniq_sigmund
D:3:      wad_woods_tower, layout_rooms, first_ration, fedhas_altar_3
D:4:      layout_basic, serial_glass, glass_columns_a, glass_columns_c,
          nrook_uturn
D:5:      layout_loops_ring, lemuel_doored_altar, elyvilon_altar_4, uniq_duvessa
D:6:      layout_gridville, grunt_ministairs_11
D:7:      minmay_evil_eye, layout_basic, minmay_temple_entry_poolview,
          serial_shops, nicolae_shop_behind_doors
D:8:      layout_cave_pools, minmay_lair_entry_grove, serial_bayou,
          serial_bayou_lagoon_b, serial_bayou_pond_a, serial_bayou_pond_a,
          serial_bayou_ford_a, serial_bayou_pond_a, serial_shops,
          kennysheep_mini_moat, hangedman_pestilent_swarm
Temple:   compressed_dpeg_triangle_lava_temple

Skill      XL: |  1  2  3  4  5  6  7  8  9 |
---------------+----------------------------+-----
Long Blades    | 3 4 5 6 7 |  7.7
Fighting       | 3 4 5 |  5.7
Armour         | 1 2 3 4 6 |  6.5
Shields        | 2 3 |  3.5
Throwing       | |  1.8
Dodging        | |  2.9

Action                   |  1- 3 |  4- 6 |  7- 9 || total
-------------------------+-------+-------+-------++-------
Melee: Long sword        |    41 |   183 |   193 ||   417
       Kick              |     9 |    61 |    84 ||   154
Throw: Throwing net      |     2 |       |       ||     2
 Stab: Held in net/web   |     1 |       |       ||     1
       Sleeping          |       |     1 |       ||     1
  Eat: Chunk             |       |     6 |    12 ||    18
Armor: Leather armour    |    10 |    71 |       ||    81
       Chain mail        |       |    34 |   110 ||   144
Dodge: Dodged            |    43 |   187 |    79 ||   309
Block: Buckler           |       |       |    21 ||    21
       Rpst.: Long sword |    10 |    52 |    27 ||    89

Table legend:
 A = Non-vault XP
 B = Vault XP
 C = Vault XP percentage of total XP
 D = Non-vault monster count
 E = Vault monster count
 F = Vault count percentage of total count
                 A         B        C        D         E       F
            +---------+---------+-------+---------+---------+-------
      Total |    3157 |     566 |  15.2 |     151 |      14 |   8.5
            +---------+---------+-------+---------+---------+-------
        D:1 |      38 |       0 |   0.0 |      22 |       0 |   0.0
        D:2 |     126 |     222 |  63.8 |      27 |       2 |   6.9
        D:3 |     156 |      34 |  17.9 |      31 |       5 |  13.9
        D:4 |     473 |       0 |   0.0 |      20 |       0 |   0.0
        D:5 |     602 |     198 |  24.8 |      14 |       2 |  12.5
        D:6 |     450 |      35 |   7.2 |      15 |       2 |  11.8
        D:7 |    1239 |      77 |   5.9 |      18 |       3 |  14.3
        D:8 |      73 |       0 |   0.0 |       4 |       0 |   0.0
            +---------+---------+-------+---------+---------+-------
